 Dungeon Crawl Stone Soup version 0.23-a0-143-g1adec7b (webtiles) character file.

43 Amnesiac the Chiller (level 3, -3/24 HPs)
             Began as a Mummy Ice Elementalist on Sept 1, 2018.
             Killed from afar by Blork the orc (10 damage)
             ... with a puff of flame
             ... on level 4 of the Dungeon.
             The game lasted 00:02:21 (552 turns).

Amnesiac the Chiller (Mummy Ice Elementalist)        Turns: 552, Time: 00:02:22

Health: -3/24      AC:  7    Str: 11    XL:     3   Next: 37%
Magic:  0/7        EV: 12    Int: 15    God:
Gold:   24         SH:  0    Dex: 12    Spells: 4/8 levels left

rFire    x . .     SeeInvis .   h - +0 war axe
rCold    + . .     Gourm    .   (no shield)
rNeg     + + +     Faith    .   a - +0 robe
rPois    ∞         Spirit   .   (no helmet)
rElec    .         Reflect  .   (no cloak)
rCorr    .         Harm     .   (no gloves)
MR       .....                  (no boots)
Stlth    ++........             f - amulet of regeneration
HPRegen  0.48/turn              c - ring of wizardry
MPRegen  0.10/turn              (no ring)

@: icy armour
A: no food or potions, fire vulnerability, cold resistance 1, negative energy
resistance 3, torment resistance, unbreathing
a: no special abilities


You were on level 4 of the Dungeon.
You were not hungry.

You visited 1 branch of the dungeon, and saw 5 of its levels.

You collected 24 gold pieces.

Inventory:

Hand Weapons
 h - a +0 war axe (weapon)
Armour
 a - a +0 robe (worn)
 e - a +0 helmet
Jewellery
 c - a ring of wizardry (left hand)
 f - an amulet of regeneration (around neck)
Scrolls
 b - a scroll of enchant weapon {!r, unknown}
 d - 2 scrolls of enchant armour {!r, unknown}
 g - a scroll of immolation {!r, unknown}
 i - a scroll of identify {!r, unknown}


   Skills:
 - Level 1.5 Dodging
 - Level 1.5 Stealth
 + Level 3.3 Spellcasting
   Level 0.7 Conjurations
 * Level 3.4 Ice Magic


You had 4 spell levels left.
You knew the following spells:

 Your Spells              Type           Power        Failure   Level  Hunger
a - Freeze                Ice            ##..         1%          1    N/A
z - Ozocubu's Armour      Chrm/Ice       #.......     12%         3    N/A

Your spell library contained the following spells:

 Spells                   Type           Power        Failure   Level  Hunger
 Throw Frost              Conj/Ice       #.....       5%          2    N/A
 Throw Icicle             Conj/Ice       #.......     32%         4    N/A
 Summon Ice Beast         Ice/Summ       #.......     34%         4    N/A

Dungeon Overview and Level Annotations

Branches:
Dungeon (5/15)
 Temple: D:4-7

Altars:

Annotations:
D:4 exclusion: scorpion, Blork the orc


Innate Abilities, Weirdness & Mutations

You do not eat or drink.
Your flesh is vulnerable to fire.
You are immune to poison.
Your flesh is cold resistant. (rC+)
You are immune to negative energy. (rN+++)
You are immune to unholy pain and torment.
You can survive without breathing.


Message History

Confirm with . or Enter, or press ? or * to list all spells.
A film of ice covers your body!
Blork the orc points at you and mumbles some strange words.
The puff of frost hits you! You resist.
Casting: Ozocubu's Armour (safe; 12% risk of failure)
Confirm with . or Enter, or press ? or * to list all spells.
Aiming: Freeze (safe; 1% risk of failure)
Press: ? - help, Shift-Dir - straight line, f - Blork the orc
Aim: Blork the orc, wielding a mace and wearing an embroidered robe You freeze Blork the orc.
Blork the orc is lightly wounded.
Blork the orc gestures wildly while chanting.
Blork the orc seems to speed up.
Unknown command.
Casting: Freeze (safe; 1% risk of failure)
Confirm with . or Enter, or press ? or * to list all spells.
Aiming: Freeze (safe; 1% risk of failure)
Press: ? - help, Shift-Dir - straight line, f/p - Blork the orc
Aim: Blork the orc, wielding a mace and wearing an embroidered robe (lightly You freeze Blork the orc.
Blork the orc is moderately wounded.
Blork the orc barely misses you.
Unknown command.
Casting: Freeze (safe; 1% risk of failure)
Confirm with . or Enter, or press ? or * to list all spells.
Aiming: Freeze (safe; 1% risk of failure)
Press: ? - help, Shift-Dir - straight line, f/p - Blork the orc
Aim: Blork the orc, wielding a mace and wearing an embroidered robe (moderately You freeze Blork the orc.
Blork the orc is heavily wounded.
Blork the orc hits you but does no damage.
Blork the orc hits you with a mace.
Unknown command.
Casting: Freeze (safe; 1% risk of failure)
Confirm with . or Enter, or press ? or * to list all spells.
Aiming: Freeze (safe; 1% risk of failure)
Press: ? - help, Shift-Dir - straight line, f/p - Blork the orc
Aim: Blork the orc, wielding a mace and wearing an embroidered robe (heavily You freeze Blork the orc.
Blork the orc is heavily wounded.
Blork the orc miscasts a cantrip.
Casting: Freeze (safe; 1% risk of failure)
Confirm with . or Enter, or press ? or * to list all spells.
You don't have enough magic to cast that spell.
Casting: Freeze (safe; 1% risk of failure)
Confirm with . or Enter, or press ? or * to list all spells.
You don't have enough magic to cast that spell.
You barely miss Blork the orc.
Blork the orc is heavily wounded.
Blork the orc barely misses you. Blork the orc hits you with a mace!
* * * LOW HITPOINT WARNING * * *
You hit Blork the orc but do no damage.
Blork the orc is heavily wounded.
Blork the orc casts a spell at you. The puff of frost misses you.
Blork the orc closely misses you.
Unknown command.
You hit Blork the orc.
Blork the orc is severely wounded.
Blork the orc casts a spell at you. The magic dart hits you!
* * * LOW HITPOINT WARNING * * *
Blork the orc casts a spell at you. The puff of flame hits you!
The fire burns you terribly!
You die...

...... #....
##.# ### ##.##
#.# ###..# #.#
####....# #.#
###.o.....#
#.####....###..#
#@##....### #..#
#.o...### #...#
#...### ##..#
##.### #..#
..###..### #..##
#.........##
#...#
#####......###
...# #........##
#..# #.....)...#
#...


You could see Blork the orc.

Vanquished Creatures
  A bullfrog zombie (D:5)
  2 leopard geckos
  An orc (D:3)
  A kobold (D:2)
  A bat (D:2)
  A rat (D:1)
7 creatures vanquished.

Notes
Turn   | Place    | Note
-------+----------+-------------------------------------------
     0 | D:1      | Amnesiac the Mummy Ice Elementalist began the quest for the
                  | Orb.
     0 | D:1      | Reached XP level 1. HP: 13/13 MP: 4/4
   244 | D:2      | Reached XP level 2. HP: 17/19 MP: 2/5
   310 | D:5      | Entered Level 5 of the Dungeon
   311 | D:5      | Noticed a phantom
   315 | D:4      | Noticed a scorpion
   437 | D:5      | Reached XP level 3. HP: 20/24 MP: 5/7
   466 | D:5      | Noticed a necrophage
   499 | D:4      | Learned a level 3 spell: Ozocubu's Armour
   522 | D:4      | Noticed Blork the orc
   552 | D:4      | Killed from afar by Blork the orc

Vault maps used:
D:1:      dpeg_arrival_shelter, serial_curves, eino_curves_01, eino_curves_01
D:2:      first_ration, grunt_decor_mini_mirrors
D:3:      ebering_ghost_sewer_d
D:4:      kennysheep_generic_room_6, uniq_natasha, uniq_blork_the_orc
D:5:      cheibrodos_fzero, serial_shops,
          nicolae_shop_temple_entry_statues_fountains,
          cheibrodos_sewer_entry_drain

Skill      XL: |  1  2 |
---------------+-------+-----
Spellcasting   | 3 |  3.3
Ice Magic      | 3 |  3.4
Dodging        | |  1.5
Stealth        | |  1.5
Conjurations   | |  0.7

Action                   || total
-------------------------++-------
Melee: War axe           ||    11
 Cast: Freeze            ||    15
       Ozocubu's Armour  ||     1
Armor: Robe              ||     8
Dodge: Dodged            ||    27

Table legend:
 A = Non-vault XP
 B = Vault XP
 C = Vault XP percentage of total XP
 D = Non-vault monster count
 E = Vault monster count
 F = Vault count percentage of total count
                 A         B        C        D         E       F
            +---------+---------+-------+---------+---------+-------
      Total |      62 |       0 |   0.0 |       7 |       0 |   0.0
            +---------+---------+-------+---------+---------+-------
        D:1 |       4 |       0 |   0.0 |       2 |       0 |   0.0
        D:2 |       3 |       0 |   0.0 |       2 |       0 |   0.0
        D:3 |       6 |       0 |   0.0 |       2 |       0 |   0.0
        D:5 |      49 |       0 |   0.0 |       1 |       0 |   0.0
            +---------+---------+-------+---------+---------+-------
